 Dungeon Crawl Stone Soup version 0.31-a0-202-g547052bce9 (webtiles) character file.

Game seed: 18035909692010706670

332 qw the Skirmisher (level 6, -14/35 HPs)
             Began as a Deep Elf Hunter on June 25, 2023.
             Demolished by an ogre
             ... wielding a +0 giant spiked club
              (27 damage)
             ... on level 5 of the Dungeon.
             The game lasted 00:00:57 (2693 turns).

qw the Skirmisher (Deep Elf Hunter)                 Turns: 2693, Time: 00:00:58

Health: -14/35     AC:  8    Str: 10    XL:     6   Next: 26%
Magic:  8/8        EV: 11    Int: 14    God:
Gold:   166        SH:  0    Dex: 18    Spells: 5/5 levels left

rFire   . . .        Y - +0 shortbow
rCold   . . .        (shield currently unavailable)
rNeg    + + .        k - +1 ring mail
rPois   .            (no helmet)
rElec   .            (no cloak)
rCorr   .            d - +1 pair of gloves of Lust {Fly rN++ SInv}
SInv    +            (no boots)
Will    .....        (no amulet)
Stlth   +            (no ring)
HPRegen 0.25/turn    (no ring)
MPRegen 0.11/turn

%: no passive effects
@: flying
A: no striking features
a: no special abilities


You were on level 5 of the Dungeon.
You visited 1 branch of the dungeon, and saw 5 of its levels.

You collected 166 gold pieces.


   Skills:
 - Level 2.2 Fighting
 + Level 9.5 Ranged Weapons
 - Level 2.9 Dodging
 - Level 1.2 Stealth


You had 5 spell levels left.
You didn't know any spells.
Your spell library was empty.

Inventory:

Hand Weapons
 Y - a +0 shortbow (weapon)
Armour
 d - the +1 pair of gloves of Lust (worn) {Fly rN++ SInv}
   (You found it on level 2 of the Dungeon)

   rN:        It greatly protects you from negative energy.
   SInv:      It lets you see invisible.
   Fly:       It grants you flight.
 k - a +1 ring mail (worn)
Jewellery
 f - a ring of see invisible
Wands
 b - a wand of digging (6)
Scrolls
 a - 2 scrolls of identify
 h - a scroll of teleportation
Potions
 e - a potion of haste
 g - 3 potions of heal wounds
 i - a potion of curing
 j - a potion of enlightenment
 m - 2 potions of cancellation

Dungeon Overview and Level Annotations

Branches:
Dungeon (5/15)
 Temple: D:4-7

Altars:

Shops:
D:4 :


Message History

Done exploring.
2659 ||| DROPPING potion of degeneration.
You drop a potion of degeneration.
Done exploring.
(D) Dungeon
Where to? (* - list waypoints, Enter - D:4, ? - help)
What level of the Dungeon? (default 1, ? - help)
There is a stone staircase leading down here.
You fly downwards.
Found a potion of cancellation.
There is a stone staircase leading up here.
Waypoint 4 assigned to D:5.
m - 2 potions of cancellation (gained 1) 2 orcs and an ogre come into view.
An orc is wielding a +2 falchion of electrocution.
The ogre shouts!
An orc comes into view. It is wielding a +0 mace.
The orc moves out of view.
You shoot an arrow. The orc shouts! x2
The arrow hits the ogre!
The ogre is moderately wounded.
You shoot an arrow. The arrow barely misses the ogre.
An orc comes into view. It is wielding a +0 club.
You shoot an arrow. The arrow hits the ogre!
The ogre is heavily wounded.
The ogre closely misses you.
You shoot an arrow. The arrow hits the ogre.
The ogre is almost dead.
The orc barely misses you.
You shoot an arrow. The arrow closely misses the ogre.
The ogre hits you with a +0 giant spiked club!!
Ouch! That really hurt!
The orc hits you but does no damage.
You shoot an arrow. The arrow hits the ogre.
The ogre is almost dead.
The orc closely misses you.
The ogre hits you with a +0 giant spiked club!!
Ouch! That really hurt!
You die...

#.# ##
#.# ..
#.# #.
#.#
#.##.#
#.#..#
#.#.##
####O#.#
#....@.#
#.##o###
#o #o ..
.. ##.
#.


You could see an ogre and 3 orcs.

Vanquished Creatures
  Sigmund (D:3)
  2 hounds (D:4)
  An orc wizard (D:4)
  3 adders
  An ufetubus (D:3)
  2 worms (D:2)
  3 dart slugs
  3 orcs (D:4)
  7 bats
  4 endoplasms
  2 giant cockroaches
  8 goblins
  3 hobgoblins
  A jackal (D:2)
  3 quokkas
  5 ball pythons
  2 frilled lizards
  A kobold (D:4)
  5 rats
57 creatures vanquished.

Notes
Turn   | Place    | Note
-------+----------+-------------------------------------------
     0 | D:1      | qw the Deep Elf Hunter began the quest for the Orb.
     0 | D:1      | Reached XP level 1. HP: 12/12 MP: 3/3
     0 | D:1      | 0 ||| qw: Version: 0.3-a-22-g0ed2b0b
     0 | D:1      | 0 ||| qw: Game counter: 5726
     0 | D:1      | 0 ||| qw: Melee chars always use a shield: true
     0 | D:1      | 0 ||| qw: God list: Okawaru
     0 | D:1      | 0 ||| qw: Allow faded altars: false
     0 | D:1      | 0 ||| qw: Do Orc after clearing Dungeon:15 true
     0 | D:1      | 0 ||| qw: Do second Lair branch before Depths: true
     0 | D:1      | 0 ||| qw: Lair rune preference: random
     0 | D:1      | 0 ||| qw: Goals: Normal
     0 | D:1      | 0 ||| PLANNING D:1-11
   140 | D:1      | Reached XP level 2. HP: 16/16 MP: 4/4
   212 | D:1      | Reached skill level 6 in Ranged Weapons
   229 | D:1      | 229 ||| Stepping ~*~*~tactically~*~*~ (water).
   589 | D:1      | 589 ||| UPGRADING to ring of see invisible.
   590 | D:1      | 590 ||| READING 4 scrolls labelled LATTER MIDI.
   591 | D:1      | 591 ||| READING 2 scrolls labelled MIVUOHA MESSONT.
   596 | D:1      | 596 ||| READING scroll labelled QYSIMP VESO.
   597 | D:1      | 597 ||| READING 3 scrolls of identify.
   597 | D:1      | 597 ||| IDENTIFYING golden potion
   598 | D:1      | 598 ||| READING 2 scrolls of identify.
   598 | D:1      | 598 ||| IDENTIFYING fizzy pink potion
   599 | D:1      | 599 ||| DROPPING scroll of butterflies.
   600 | D:1      | 600 ||| DROPPING potion of brilliance.
   657 | D:2      | Identified the +1 pair of gloves of Lust {Fly rN++ SInv}
   774 | D:2      | Reached XP level 3. HP: 20/20 MP: 5/5
  1131 | D:2      | Reached skill level 7 in Ranged Weapons
  1300 | D:2      | 1300 ||| UPGRADING to +1 pair of gloves of Lust {Fly rN++
                  | SInv}.
  1305 | D:2      | 1305 ||| REMOVING ring of see invisible.
  1306 | D:2      | 1306 ||| READING scroll labelled UNETAUXTED.
  1307 | D:2      | 1307 ||| DRINKING 3 puce potions.
  1499 | D:3      | Noticed Sigmund
  1510 | D:3      | Killed Sigmund
  1511 | D:3      | Reached skill level 9 in Ranged Weapons
  1511 | D:3      | Reached XP level 4. HP: 16/25 MP: 6/6
  1511 | D:3      | Reached XP level 5. HP: 19/29 MP: 7/7
  1932 | D:3      | Found a faded altar of an unknown god.
  2141 | D:3      | 2141 ||| UPGRADING to +0 ring mail.
  2151 | D:3      | 2151 ||| DROPPING +0 leather armour.
  2152 | D:3      | 2152 ||| READING scroll labelled SANUCA LEBU.
  2153 | D:3      | 2153 ||| READING scroll labelled AZOLIBYEZA.
  2154 | D:3      | 2154 ||| READING 2 scrolls of identify.
  2154 | D:3      | 2154 ||| IDENTIFYING fuming pink potion
  2155 | D:3      | 2155 ||| DROPPING potion of attraction.
  2256 | D:4      | Reached XP level 6. HP: 32/35 MP: 8/8
  2496 | D:4      | Found Xir Nad's Tiny Tomes.
  2550 | D:4      | 2550 ||| READING scroll of enchant armour.
  2550 | D:4      | 2550 ||| ENCHANTING +0 ring mail.
  2652 | D:4      | 2652 ||| READING scroll labelled QUIGAP EJOTRA.
  2653 | D:4      | 2653 ||| READING scroll labelled GIT JAIHITZ.
  2654 | D:4      | 2654 ||| READING scroll labelled RUDOUN BAWEN.
  2655 | D:4      | 2655 ||| DRINKING 2 coppery potions.
  2656 | D:4      | 2656 ||| DRINKING 2 viscous green potions.
  2657 | D:4      | 2657 ||| READING 4 scrolls of identify.
  2657 | D:4      | 2657 ||| IDENTIFYING clear potion
  2658 | D:4      | 2658 ||| READING 3 scrolls of identify.
  2658 | D:4      | 2658 ||| IDENTIFYING inky potion
  2659 | D:4      | 2659 ||| DROPPING potion of degeneration.
  2675 | D:5      | Entered Level 5 of the Dungeon
  2693 | D:5      | Demolished by an ogre

Levels and vault maps discovered:
D:1:      amcnicky_arrival_flooded_fountain, layout_loops_ring,
          minmay_tree_intersection, serial_bayou_crossing
D:2:      layout_basic, st_stairs_2
D:3:      layout_basic, shapermc_ecumenical_altar_acropolis, uniq_sigmund
D:4:      layout_cave_pools, nicolae_shop_i_like_small_books_too
D:5:      layout_rooms, mainiacjoe_overflow_six_doors_small,
          minmay_temple_entry_waves

Skill      XL: |  1  2  3  4  5 |
---------------+----------------+-----
Ranged Weapons | 6 9 |  9.5
Fighting       | 2 |  2.2
Dodging        | |  2.9
Stealth        | |  1.2

Action                     |  1- 3 |  4- 6 || total
---------------------------+-------+-------++-------
   Fire: Shortbow          |   102 |    65 ||   167
    Use: Scroll            |     6 |     9 ||    15
         Potion            |     1 |     2 ||     3
 Armour: Leather armour    |     8 |     1 ||     9
         Ring mail         |       |     9 ||     9
  Dodge: Dodged            |    15 |    16 ||    31

Table legend:
 A = Non-vault XP
 B = Vault XP
 C = Vault XP percentage of total XP
 D = Non-vault monster count
 E = Vault monster count
 F = Vault count percentage of total count
                 A         B        C        D         E       F
            +---------+---------+-------+---------+---------+-------
      Total |     257 |     218 |  45.9 |      54 |       3 |   5.3
            +---------+---------+-------+---------+---------+-------
        D:1 |      28 |       0 |   0.0 |      19 |       0 |   0.0
        D:2 |      32 |       4 |  11.1 |      13 |       2 |  13.3
        D:3 |      36 |     214 |  85.6 |       9 |       1 |  10.0
        D:4 |     161 |       0 |   0.0 |      13 |       0 |   0.0
            +---------+---------+-------+---------+---------+-------
